 Dungeon Crawl Stone Soup version 0.27-a0-1090-gb115f176c6 (webtiles) character file.

Game seed: 9963037867785689157

22 voltaire321 the Ducker (level 2, -2/23 HPs)
             Began as a Demonspawn Gladiator on Apr 27, 2021.
             Slain by an endoplasm (3 damage)
             ... on level 2 of the Dungeon.
             The game lasted 00:02:45 (1467 turns).

voltaire321 the Ducker (Demonspawn Gladiator)       Turns: 1467, Time: 00:02:46

Health: -2/23      AC:  5    Str: 14    XL:     2   Next: 68%
Magic:  2/2        EV: 12    Int:  9    God:
Gold:   21         SH:  0    Dex: 14    Spells: 1/1 levels left

rFire    . . .     SeeInvis .   a - +0 war axe
rCold    . . .     Faith    .   (no shield)
rNeg     . . .     Spirit   .   b - +0 leather armour
rPois    .         Reflect  .   c - +0 helmet
rElec    .         Harm     .   g - +0 cloak
rCorr    .         Rampage  .   (no gloves)
Will     .....                  (no boots)
Stlth    +.........             (no amulet)
HPRegen  0.07/turn              (no ring)
MPRegen  0.16/turn              (no ring)

@: no status effects
A: magic regeneration
a: no special abilities


You were on level 2 of the Dungeon.
You visited 1 branch of the dungeon, and saw 2 of its levels.

You collected 21 gold pieces.

Inventory:

Hand Weapons
 a - a +0 war axe (weapon)
Missiles
 d - 3 throwing nets (quivered)
 k - 9 boomerangs
 n - 2 datura-tipped darts
Armour
 b - a +0 leather armour (worn)
 c - a +0 helmet (worn)
 g - a +0 cloak (worn)
Jewellery
 l - a ring of protection from fire
Scrolls
 e - a scroll of identify {unknown}
 h - a scroll of vulnerability {unknown}
 i - a scroll of enchant armour {unknown}
 m - a scroll of brand weapon {unknown}
Potions
 f - a potion of might {unknown}
 j - a potion of invisibility {unknown}


   Skills:
 + Level 2.3 Fighting
 + Level 3.0 Axes
 + Level 2.1 Throwing
 + Level 3.0 Dodging


You had one spell level left.
You didn't know any spells.
Your spell library was empty.

Dungeon Overview and Level Annotations

Branches:
Dungeon (2/15)

Altars:

Annotations:
D:2 Terence


Innate Abilities, Weirdness & Mutations

You regenerate magic rapidly.


Message History

You see here 2 datura-tipped darts.
n - 2 datura-tipped darts
There is a stone staircase leading down here.
A frilled lizard comes into view.
Found a stone staircase leading up.
The frilled lizard hisses angrily.
An endoplasm comes into view.
The frilled lizard closely misses you.
You barely miss the frilled lizard. The frilled lizard barely misses you.
The frilled lizard bites you but does no damage.
You barely miss the frilled lizard. The frilled lizard closely misses you.
You barely miss the frilled lizard. The frilled lizard closely misses you.
You barely miss the frilled lizard. The frilled lizard barely misses you.
The frilled lizard bites you but does no damage.
You miss the frilled lizard. The frilled lizard misses you.
You slash the frilled lizard!
You kill the frilled lizard!
Terence the Incautious comes into view.
He is wielding a +0 hand axe.
Terence shouts!
A worm comes into view.
Found a ring mail.
You see here an emerald potion.
You hit Terence but do no damage. Terence closely misses you.
Terence hits you with a +0 hand axe!
You hit Terence but do no damage. Terence hits you with a +0 hand axe.
The endoplasm quivers.
You slash Terence!
Terence is heavily wounded.
Terence hits you with a +0 hand axe.
You slash Terence!
Terence is almost dead.
Terence hits you but does no damage. Terence hits you with a +0 hand axe!
* * * LOW HITPOINT WARNING * * *
You hit Terence but do no damage.
Terence is almost dead.
Terence asks, "Do you want it fast or slow?"
Terence hits you with a +0 hand axe.
* * * LOW HITPOINT WARNING * * *
The endoplasm hits you.
You die...

#####...#...#>#....#
.##.##........###..#.#..#
....<.........#
#..#.#....
.##.##........#
#.........#
#####...#...#.###.#.##
#...#####.# #...# #.#
#...# #.# ##@## #.#
#....J@w# #.#[......
#..#..#.# #.....#.#
#..#... . .. .... # ##.
.....


You could see Terence, a worm and an endoplasm.

Vanquished Creatures
  A dart slug (D:2)
  An endoplasm (D:1)
  2 giant cockroaches (D:1)
  A goblin (D:1)
  A hobgoblin (D:1)
  2 quokkas (D:1)
  2 ball pythons (D:1)
  2 bats (D:1)
  2 frilled lizards
  3 kobolds (D:1)
  2 rats (D:1)
19 creatures vanquished.

Vanquished Creatures (others)
  A plant (D:1)
1 creature vanquished.

Grand Total: 20 creatures vanquished

Notes
Turn   | Place    | Note
-------+----------+-------------------------------------------
     0 | D:1      | voltaire321 the Demonspawn Gladiator began the quest for
                  | the Orb.
     0 | D:1      | Reached XP level 1. HP: 16/16 MP: 1/1
   562 | D:1      | Gained mutation: You regenerate magic rapidly. [demonic
                  | ancestry]
   562 | D:1      | Reached XP level 2. HP: 17/22 MP: 2/2
  1041 | D:1      | Found a faded altar of an unknown god.
  1460 | D:2      | Noticed Terence
  1467 | D:2      | HP: 1/23 [Terence/+0 hand axe (2)]
  1467 | D:2      | Slain by an endoplasm

Illustrated notes

Levels and vault maps discovered:
D:1:      dpeg_arrival_long_road, layout_basic,
          shapermc_ecumenical_altar_mp_ritualfount, minmay_misc_feat_ornament,
          st_stairs_1, minivault_5, kennysheep_crisscross,
          minmay_misc_feat_columns
D:2:      layout_loops_cross, uniq_terence, uniq_crazy_yiuf_cottage

Skill      XL: |  1  2 |
---------------+-------+-----
Throwing       | 2 |  2.1
Axes           | 3 |  3.0
Dodging        | 3 |  3.0
Fighting       | |  2.3

Action                   || total
-------------------------++-------
Melee: War axe           ||    70
Armor: Leather armour    ||    14
Dodge: Dodged            ||    65

Table legend: (Time is in decaauts)
 A = Elapsed time spent in this place.
 B = Non-inter-level travel time spent in this place.
 C = Inter-level travel time spent in this place.
 D = Time resting spent in this place.
 E = Time spent auto-exploring this place.
 F = Levels seen in this place.
 G = Mean time per level.
                   A        B        C        D        E       F      G
               +--------+--------+--------+--------+--------+-----+--------+
         Total |   1492 |   1443 |     49 |    115 |   1119 |   2 |  746.0 |
       Dungeon |   1492 |   1443 |     49 |    115 |   1119 |   2 |  746.0 |
               +--------+--------+--------+--------+--------+-----+--------+

Top non-repeatable levels by time:
     D:1: 1443 daAuts
     D:2: 49 daAuts
